 Dungeon Crawl Stone Soup version 0.30-a0-852-g08b95dd62f (webtiles) character file.

Game seed: 2449622430452703794

3929 AtlasWard the Spear-Bearer (level 10, -4/86 (93) HPs)
             Began as a Minotaur Fighter on Mar 4, 2023.
             Slain by a swamp worm (19 damage)
             ... on level 7 of the Dungeon.
             The game lasted 00:25:28 (7570 turns).

AtlasWard the Spear-Bearer (Minotaur Fighter)       Turns: 7570, Time: 00:25:28

HP:   -4/86 (93)    AC:  8    Str: 26    XL:     10   Next: 1%
MP:   9/9           EV: 10    Int:  5    God:
Gold: 134           SH:  0    Dex:  9    Spells: 9/9 levels left

rFire   . . .      SeeInvis .    b - +5 spear
rCold   . . .      Faith    .    c - +0 buckler
rNeg    + . .      Spirit   .    K - +0 swamp dragon scales
rPois   +          Reflect  .    (helmet restricted)
rElec   .          Rampage  .    (no cloak)
rCorr   .                        (no gloves)
Will    .....                    (no boots) Stlth
                                 (no amulet)
HPRegen 0.34/turn                k - ring of positive energy
MPRegen 0.11/turn                (no ring)

@: confused, drained
A: horns 2, retaliatory headbutt
a: no special abilities


You were on level 7 of the Dungeon.
You visited 1 branch of the dungeon, and saw 7 of its levels.
You also visited: Ossuary.

You collected 526 gold pieces.
You spent 392 gold pieces at shops.

Inventory:

Hand Weapons
 a - a +3 long sword of freezing
 b - a +5 spear (weapon)
 i - the +3 halberd "Amuemyd" {flame, Dex+3}
   (You found it on level 2 of the Dungeon)

   Dex:       It affects your dexterity (+3).
 J - a +0 trident of protection
 N - a +4 halberd of freezing
Missiles
 h - 4 curare-tipped darts
 l - 4 poisoned darts (quivered)
 p - 2 atropa-tipped darts
Armour
 c - a +0 buckler (worn)
 D - a +0 scale mail
 G - a +2 leather armour of fire resistance
 K - +0 swamp dragon scales (worn)
Jewellery
 k - a ring of positive energy (left hand)
Wands
 w - a wand of flame (11)
 y - a wand of acid (18)
 C - a wand of paralysis (3)
Scrolls
 d - a scroll of torment
 g - a scroll of blinking
 j - 6 scrolls of fog
 o - 3 scrolls of brand weapon {unknown}
 q - 4 scrolls of teleportation {unknown}
 r - 2 scrolls of identify
 s - 2 scrolls of enchant weapon {unknown}
 u - 2 scrolls of poison {unknown}
 v - 4 scrolls of amnesia {unknown}
 A - a scroll of acquirement {unknown}
 F - a scroll of noise {unknown}
Potions
 e - 2 potions of brilliance
 m - a potion of berserk rage {unknown}
 n - 5 potions of curing
 t - 2 potions of magic
 x - 4 potions of haste
 z - 4 potions of degeneration {unknown}
 B - a potion of flight {unknown}
 E - a potion of invisibility {unknown}
 H - a potion of ambrosia {unknown}
 I - 2 potions of attraction {unknown}
 L - a potion of mutation
 M - a potion of heal wounds


   Skills:
 + Level 10.2 Fighting
 - Level 8.0 Long Blades
 * Level 10.8 Polearms
 - Level 4.0 Throwing
 - Level 4.0 Armour
 - Level 4.0 Shields


You had 9 spell levels left.
You didn't know any spells.
Your spell library contained the following spells:

 Spells                   Type           Power      Damage    Failure   Level
 Beastly Appendage        Tmut           0%         N/A       71%         1
 Cigotuvi's Dreadful Rot  Necr/Pois/Air  0%         N/A       83%         2
 Wereblood                Tmut           0%         N/A       83%         2
 Call Canine Familiar     Summ           0%         N/A       97%         3
 Ozocubu's Armour         Ice            0%         N/A       97%         3
 Portal Projectile        Hex/Tloc       0%         N/A       97%         3
 Spider Form              Tmut/Pois      0%         N/A       97%         3
 Animate Armour           Summ/Erth      0%         N/A       100%        4
 Dispel Undead            Necr           0%         3d6       100%        4
 Leda's Liquefaction      Hex/Erth       0%         N/A       100%        4
 Blade Hands              Tmut           0%         N/A       100%        5
 Death Channel            Necr           0%         N/A       100%        6
 Iron Shot                Conj/Erth      0%         9d1       100%        6
 Ozocubu's Refrigeration  Ice            0%         4d7       100%        7


Dungeon Overview and Level Annotations

Branches:
Dungeon (7/15)             Temple (0/1) D:7         Ossuary (visited)

Altars:
Kikubaaqudgha
Qazlal
Xom
Zin

Shops:
D:3 *   D:6 !


Innate Abilities, Weirdness & Mutations

You have a pair of horns on your head.
You reflexively headbutt those who attack you in melee.


Message History

You are yanked forward by the harpoon shot.
You violently stop moving!
Splash!
You block the swamp worm's attack. The swamp worm bites you!
Okay, then.
As you read the scroll labelled HUKLIX YCUH, it crumbles to dust.
Your body is wracked with pain!
The swamp worm convulses! x2
It was a scroll of torment.
The swamp worm fires a harpoon shot at you.
The harpoon shot misses you. The swamp worm bites you!
* * * LOW HITPOINT WARNING * * *
As you read the scroll labelled YMOOTU VEBENA, it crumbles to dust.
You feel aware of your surroundings.
It was a scroll of magic mapping.
The swamp worm bites you but does no damage.
Blink to where?
Press: ? - help, Dir - move target
As you read the scroll labelled GOSEFO GAEFRA, it crumbles to dust.
It was a scroll of blinking.
Press: ? - help, v - describe, . - travel The floor.
A bullfrog comes into view.
A swamp worm is nearby!
An orc wizard comes into view. It is wielding a +0 dagger.
An orc comes into view. It is wielding a +0 dagger.
An orc comes into view. It is wielding a +0 falchion.
Found a stone staircase leading up.
The orc shouts! x2; You hear a shout! x2
The orc wizard gestures wildly while chanting.
The orc wizard flickers and vanishes!
Deactivating autopickup; reactivate with Ctrl-A.
You hear some strange, mumbled words.
You are confused.
You bump into the rock wall.
The swamp worm fires a harpoon shot at you.
The harpoon shot hits you!
* * * LOW HITPOINT WARNING * * *
You are yanked forward by the harpoon shot.
The swamp worm bites you but does no damage.
The swamp worm bites you!!
You die...

#**,* *,#≈~#≈~.# #.# #.#####
##*,# *,*≈≈#≈~.# #.# #..#~~~
)#*.# *,#~≈≈≈~.# #.# ##=~~≈~
.##.####**,#≈###~.#####w#*#~~~~##
........,,.#~~~~~.......##~~≈###~
........,,................~≈##~~~
†##.####**#######.########~~#~~~~
.##.###**########..# #~≈#*~~~
........,.......@w.# *~~~###~
#.._..##*#..####...# *.~~~~##
........,,........## *,*#~~≈~
....####**#######.# *,**#~~~
.#### #.# *,* ###. .# ##.#### *,*
## .# #.....#****,* .#
#.....o..<#,* ### .#
#####{###.#,* ##..


You could see a swamp worm.

Vanquished Creatures
  Pikel (D:6)
  Maggie (D:6)
  Sigmund (D:6)
  A wraith (D:7)
  Edmund (D:5)
  Menkaure (Ossuary)
  A water moccasin (D:6)
  An ogre (D:5)
  An ice beast (D:5)
  2 sky beasts
  A lemure (D:6)
  2 bullfrogs (D:7)
  A gnoll sergeant (D:6)
  An elf zombie (Ossuary)
  4 scorpions
  14 wights
  3 howler monkeys
  3 centaur zombies (Ossuary)
  A human zombie (Ossuary)
  3 hounds
  A jelly (D:4)
  An orc wizard (D:3)
  A sleepcap (D:4)
  Jessica (D:2)
  Ijyb (D:3)
  A gnoll bouda (D:6)
  3 iguanas
  2 ogre zombies (Ossuary)
  6 mummies (Ossuary)
  10 gnolls
  7 adders
  3 ufetubi
  3 adder zombies (Ossuary)
  A worm (D:3)
  2 dart slugs
  13 orcs
  4 endoplasms
  3 giant cockroaches
  4 goblins
  9 hobgoblins
  7 jackals
  7 kobolds
  3 quokkas
  7 ball pythons
  A bat (D:1)
  2 frilled lizards
  2 gnoll zombies (Ossuary)
  5 goblin zombies (Ossuary)
  4 hobgoblin zombies (Ossuary)
  3 kobold zombies (Ossuary)
  4 quokka zombies (Ossuary)
  3 rats
  2 rat zombies (Ossuary)
170 creatures vanquished.

Vanquished Creatures (others)
  2 plants (D:7)
2 creatures vanquished.

Grand Total: 172 creatures vanquished

Notes
Turn   | Place    | Note
-------+----------+-------------------------------------------
     0 | D:1      | AtlasWard the Minotaur Fighter began the quest for the Orb.
     0 | D:1      | Reached XP level 1. HP: 19/19 MP: 0/0
    19 | D:1      | Noticed a minotaur skeleton
   347 | D:1      | Reached XP level 2. HP: 13/27 MP: 1/1
   789 | D:2      | Noticed Jessica
   794 | D:2      | Killed Jessica
   795 | D:2      | Reached XP level 3. HP: 33/33 MP: 2/2
  1081 | D:2      | Reached skill level 1 in Throwing
  1109 | D:2      | Identified the +3 halberd "Amuemyd" {flame, Dex+3}
  1665 | D:3      | Reached XP level 4. HP: 40/40 MP: 3/3
  1754 | D:3      | Found a faded altar of an unknown god.
  1756 | D:3      | Noticed Ijyb
  1775 | D:3      | Killed Ijyb
  1836 | D:3      | Reached XP level 5. HP: 40/47 MP: 4/4
  1970 | D:3      | Found Zin's Purification Station.
  1976 | D:3      | Found a glowing silver altar of Zin.
  2512 | D:4      | Reached skill level 5 in Long Blades
  2513 | D:4      | Found a stormy altar of Qazlal.
  2542 | D:4      | Found a sand-covered staircase.
  2554 | Ossuary  | Entered an ossuary
  2766 | Ossuary  | Reached skill level 5 in Fighting
  2858 | Ossuary  | Reached XP level 6. HP: 55/56 MP: 5/5
  3243 | Ossuary  | Noticed Menkaure
  3254 | Ossuary  | Killed Menkaure
  3255 | Ossuary  | Reached XP level 7. HP: 23/62 MP: 6/6
  4212 | D:4      | Reached skill level 1 in Polearms
  4212 | D:4      | Reached XP level 8. HP: 59/71 MP: 7/7
  4561 | D:5      | Entered Level 5 of the Dungeon
  5151 | D:5      | Noticed Edmund
  5162 | D:5      | Killed Edmund
  5350 | D:5      | Reached skill level 5 in Polearms
  6096 | D:6      | Noticed Sigmund
  6107 | D:6      | Killed Sigmund
  6108 | D:6      | Reached XP level 9. HP: 80/82 MP: 8/8
  6319 | D:6      | Found Sacwat's Distillery.
  6332 | D:6      | Bought a potion of mutation for 112 gold pieces
  6332 | D:6      | Bought 2 potions of heal wounds for 140 gold pieces
  6332 | D:6      | Bought a potion of haste for 140 gold pieces
  6357 | D:6      | Noticed Pikel
  6385 | D:6      | Killed Pikel
  6485 | D:6      | Noticed Maggie
  6530 | D:6      | Killed Maggie
  6953 | D:7      | Reached skill level 10 in Polearms
  7056 | D:7      | Found a shimmering altar of Xom.
  7110 | D:7      | Reached skill level 10 in Fighting
  7358 | D:7      | Reached XP level 10. HP: 84/87 MP: 9/9
  7485 | D:7      | Found an ancient bone altar of Kikubaaqudgha.
  7570 | D:7      | Slain by a swamp worm

Illustrated notes

Levels and vault maps discovered:
D:1:      shiori_arrival_whats_in_store_for_you, layout_loops_ring
D:2:      layout_loops_ring, uniq_jessica
D:3:      layout_basic, zin_purify, hellmonk_ecumenical_altar_lost_god,
          uniq_ijyb
D:4:      layout_loops_ring, nicolae_qazlal_scattered_showers,
          chequers_ossuary_entry_cave, supply_closet_lemuel,
          nicolae_elevator_lobby_plus
D:5:      layout_loops_ring, chequers_jeans, uniq_edmund
D:6:      layout_rooms, serial_shops, nicolae_shop_waterfront, uniq_sigmund,
          uniq_maggie, uniq_pikel
D:7:      layout_loops_ring, mainiacjoe_overflow_boulevard, old_standard_altar,
          minmay_temple_entry_from_below_b, minmay_crystal_water,
          nrook_pool_corridor, worms_lemuel

Skill      XL: |  1  2  3  4  5  6  7  8  9 |
---------------+----------------------------+-----
Long Blades    | 3 4 5 6 8 |  8.0
Armour         | 4 |  4.0
Fighting       | 4 5 6 8 10 | 10.2
Shields        | 4 |  4.0
Throwing       | 1 2 3 4 |  4.0
Polearms       | 1 7 10 | 10.8

Action                     |  1- 3 |  4- 6 |  7- 9 | 10-12 || total
---------------------------+-------+-------+-------+-------++-------
  Melee: Long sword        |    66 |   187 |   218 |       ||   471
         Headbutt          |    12 |    52 |    63 |     1 ||   128
         Spear             |       |       |   122 |    12 ||   134
  Throw: Dart              |     2 |       |       |       ||     2
  Evoke: Wand              |       |     2 |     9 |       ||    11
    Use: Potion            |       |     1 |     1 |       ||     2
         Scroll            |       |       |     5 |     3 ||     8
   Stab: Paralysed         |       |       |    17 |       ||    17
 Armour: Scale mail        |    28 |    71 |    79 |       ||   178
         Swamp dragon scal |       |       |     3 |     2 ||     5
  Dodge: Dodged            |    22 |    58 |   100 |     2 ||   182
  Block: Buckler           |    12 |    26 |    54 |     3 ||    95

Table legend: (Time is in decaauts)
 A = Elapsed time spent in this place.
 B = Non-inter-level travel time spent in this place.
 C = Inter-level travel time spent in this place.
 D = Time resting spent in this place.
 E = Time spent auto-exploring this place.
 F = Levels seen in this place.
 G = Mean time per level.
                   A        B        C        D        E       F      G
               +--------+--------+--------+--------+--------+-----+--------+
         Total |   7592 |   7325 |    267 |      0 |   5942 |   8 |  949.0 |
       Dungeon |   6695 |   6428 |    267 |      0 |   5278 |   7 |  956.4 |
       Ossuary |    897 |    897 |      0 |      0 |    664 |   1 |  897.0 |
               +--------+--------+--------+--------+--------+-----+--------+

Top non-repeatable levels by time:
     D:5: 1309 daAuts
     D:4: 1203 daAuts
     D:6: 1016 daAuts
     D:3: 920 daAuts
 Ossuary: 897 daAuts
     D:2: 804 daAuts
     D:1: 795 daAuts
     D:7: 645 daAuts
